 Dungeon Crawl Stone Soup version 0.26.1-11-gd32895ea62 (webtiles) character file.

Game seed: 2835040410423449087

5434 bnorton916 the Summoner (level 10, -3/58 HPs)
             Began as a Deep Elf Ice Elementalist on July 5, 2021.
             Was a Believer of Ashenzari.
             Slain by a water moccasin (5 damage)
             ... on level 8 of the Dungeon on July 6, 2021.
             The game lasted 00:29:38 (16469 turns).

bnorton916 the Summoner (DEIE)                     Turns: 16469, Time: 00:29:40

Health: -3/58      AC:  9    Str:  6    XL:     10   Next: 41%
Magic:  23/23      EV: 21    Int: 23    God:    Ashenzari [**....]
Gold:   193        SH:  0    Dex: 18    Spells: 6/24 levels left

rFire    . . .     SeeInvis .   m - +2 short sword (venom) (curse)
rCold    . . .     Faith    .   (no shield)
rNeg     . . .     Spirit   .   a - +0 robe
rPois    .         Reflect  .   y - +2 hat (curse)
rElec    .         Harm     .   J - +0 cloak
rCorr    .         Rampage  .   x - +2 pair of gloves {Dex+3} (curse)
Will     +....                  G - +0 pair of boots
Stlth    ++........             d - amulet of regeneration
HPRegen  0.59/turn              D - +4 ring of evasion (curse)
MPRegen  0.18/turn              F - ring of wizardry

@: no status effects
A: no striking features
a: Renounce Religion, Curse Item, Scrying


You were on level 8 of the Dungeon.
You worshipped Ashenzari.
Ashenzari was pleased with you.
You visited 2 branches of the dungeon, and saw 9 of its levels.
You also visited: Sewer.

You collected 385 gold pieces.
You spent 192 gold pieces at shops.

Inventory:

Hand Weapons
 m - a cursed +2 short sword of venom (weapon)
 A - a +1 spear of flaming
Missiles
 u - 2 silver boomerangs
Armour
 a - a +0 robe (worn)
 x - a cursed +2 pair of gloves of dexterity (worn)
 y - a cursed +2 hat (worn)
 G - a +0 pair of boots (worn)
 J - a +0 cloak (worn)
Jewellery
 d - an amulet of regeneration (around neck)
 C - an uncursed ring of ice
 D - a cursed +4 ring of evasion (left hand)
 F - a ring of wizardry (right hand)
 K - an uncursed amulet of guardian spirit
Wands
 t - a wand of flame (20)
 B - a wand of iceblast (22)
 E - a wand of digging (3)
 I - a wand of enslavement (6)
Scrolls
 e - 4 scrolls of teleportation
 f - a scroll of fog {unknown}
 g - a scroll of random uselessness {unknown}
 h - 2 scrolls of magic mapping
 i - 2 scrolls of immolation
 k - a scroll of noise {unknown}
 l - a scroll of enchant weapon {unknown}
 q - a scroll of enchant armour
 s - 2 scrolls of identify
 v - a scroll of amnesia {unknown}
Potions
 b - 4 potions of brilliance
 c - 3 potions of degeneration
 j - a potion of might {unknown}
 n - 4 potions of haste
 o - a potion of berserk rage
 p - 2 potions of curing
 r - a potion of ambrosia
 w - 4 potions of heal wounds
 z - 3 potions of attraction
 H - a potion of lignification {unknown}


   Skills:
 + Level 4.3 Fighting
 - Level 7.0 Dodging
 - Level 2.4 Stealth
 - Level 7.6 Spellcasting
 - Level 8.0 Conjurations
 - Level 8.4 Summonings
 - Level 3.0 Transmutations
 - Level 7.4 Ice Magic


You had 6 spell levels left.
You knew the following spells:

 Your Spells              Type           Power        Failure   Level
a - Freeze                Ice            100%         1%          1
b - Frozen Ramparts       Ice            84%          1%          3
c - Ozocubu's Armour      Ice            42%          1%          3
d - Hailstorm             Conj/Ice       44%          1%          4
e - Summon Ice Beast      Ice/Summ       45%          1%          4
f - Spider Form           Tmut/Pois      7%           4%          3

Your spell library contained the following spells:

 Spells                   Type           Power        Failure   Level
 Beastly Appendage        Tmut           44%          1%          1
 Foxfire                  Conj/Fire      100%         1%          1
 Magic Dart               Conj           100%         1%          1
 Searing Ray              Conj           90%          1%          2
 Wereblood                Tmut           22%          1%          2
 Conjure Flame            Conj/Fire      27%          1%          3
 Dazzling Flash           Conj/Hex       54%          1%          3
 Ice Form                 Ice/Tmut       32%          3%          4
 Fulminant Prism          Conj/Hex       13%          6%          4
 Iskenderun's Mystic Bla  Conj/Tloc      27%          6%          4
 Sticky Flame             Conj/Fire      27%          6%          4
 Inner Flame              Hex/Fire       8%           9%          3
 Fireball                 Conj/Fire      13%          16%         5
 Blade Hands              Tmut           11%          24%         5


Dungeon Overview and Level Annotations

Branches:
Dungeon (8/15)             Temple (0/1) D:5            Lair (1/6) D:8
  Sewer (visited)

Altars:
Ashenzari
Dithmenos
Gozag
Nemelex Xobeh
Okawaru
Qazlal
Uskayaw

Shops:
D:5 [

Annotations:
D:5 2 transporters, vvl's ghost, novice HuBe


Message History

The blink frog completely misses you.
The water moccasin completely misses you.
The blink frog completely misses you.
You climb upwards.
Welcome back to the Dungeon!
There is a staircase to the Lair here.
The water moccasin misses you. The blink frog hits you!
The blink frog blinks!
The water moccasin misses you. The blink frog completely misses you.
The water moccasin misses you. The blink frog hits you!
The blink frog closely misses you. The blink frog completely misses you.
The blink frog completely misses you. The water moccasin barely misses you.
The blink frog blinks!
You enter the shallow water.
Moving in this stuff is going to be slow.
The blink frog hits you!!
* * * LOW HITPOINT WARNING * * *
The water moccasin bites you.
* * * LOW HITPOINT WARNING * * *
The blink frog completely misses you. The water moccasin bites you.
You die...

#≈≈≈≈≈≈..≈.≈≈≈..###.# #
#.≈≈≈≈≈≈.≈.≈≈≈..#...#
#..≈≈≈≈≈..≈≈≈...)...##
##..≈≈≈≈≈.≈≈≈≈...###..#
#.....≈≈§.≈≈≈≈≈...##..# ##
#....≈≈≈≈.≈≈≈≈≈.....#.## .##
##..≈≈.≈≈≈.≈.≈≈......#..# ..###
#.....≈≈≈≈S≈.≈≈......#..#
....###.......≈F@≈.≈.......##.##
......#.....................#..#
............................##.#
#.........########..........##.##
###.....### ##.........##..#
###...## ##.......####.# ##.....#
##......# #.# #......## ###....#
#.. ...._...# ###..# ##.


You could see a blink frog and a water moccasin.

Vanquished Creatures
  Pikel (D:7)
  2 humans (D:7)
  A water moccasin (D:8)
  3 sky beasts (D:6)
  2 orc warriors
  A phantom (D:8)
  A black bear (D:6)
  3 ogres
  2 centaurs
  A lemure (D:7)
  4 bullfrogs
  A gnoll sergeant (D:6)
  A water moccasin zombie (D:6)
  A scorpion (D:4)
  5 killer bees (D:8)
  2 howler monkeys
  A bullfrog skeleton (D:7)
  2 bullfrog zombies
  2 centaur zombies
  10 hounds
  5 orc priests
  A gnoll shaman (D:7)
  Jessica (D:3)
  4 iguanas
  8 orc wizards
  10 worker ants
  2 hound zombies
  4 hound skeletons
  A worker ant zombie (D:6)
  10 gnolls
  A howler monkey skeleton (D:5)
  18 adders
  A shadow imp (D:8)
  3 white imps
  4 oozes (Sewer)
  4 adder zombies (D:5)
  2 adder skeletons (D:4)
  3 worms (D:3)
  3 dart slugs
  17 leopard geckos
  22 orcs
  9 ball pythons
  17 giant cockroaches
  6 goblins
  5 hobgoblins
  2 jackals (D:8)
  5 quokkas
  9 bats
  16 frilled lizards
  A jackal skeleton (D:4)
  5 kobolds
  2 quokka skeletons
  2 quokka zombies (D:6)
  5 rats
254 creatures vanquished.

Vanquished Creatures (collateral kills)
  A two-headed ogre (D:8)
  A cane toad (D:8)
  A troll (D:8)
  A sky beast (D:8)
  An ogre (D:8)
  A necrophage (D:7)
  A wolf (D:8)
  2 electric eels (D:8)
  A bullfrog zombie (D:8)
  2 hounds (D:8)
  An orc wizard (D:8)
  An iguana (D:8)
  A hound zombie (D:8)
  A worker ant zombie (D:8)
  An adder (D:8)
  A white imp (D:8)
18 creatures vanquished.

Grand Total: 272 creatures vanquished

Notes
Turn   | Place    | Note
-------+----------+-------------------------------------------
     0 | D:1      | bnorton916 the Deep Elf Ice Elementalist began the quest
                  | for the Orb.
     0 | D:1      | Reached XP level 1. HP: 10/10 MP: 6/6
    25 | D:1      | Found a broken altar of Ashenzari.
    64 | D:1      | Became a worshipper of Ashenzari the Shackled
   723 | D:1      | Reached XP level 2. HP: 15/15 MP: 6/8
  1364 | D:2      | Reached XP level 3. HP: 16/19 MP: 3/10
  1970 | D:2      | Reached skill level 5 in Ice Magic
  2035 | D:2      | Learned a level 3 spell: Frozen Ramparts
  2039 | D:2      | Learned a level 3 spell: Ozocubu's Armour
  2553 | D:2      | Reached XP level 4. HP: 24/24 MP: 8/12
  2608 | D:2      | Found an iron altar of Okawaru.
  2608 | D:2      | Found a stormy altar of Qazlal.
  3441 | D:3      | Noticed Jessica
  3450 | D:3      | Killed Jessica
  3451 | D:3      | Reached XP level 5. HP: 22/28 MP: 14/14
  3812 | D:3      | Reached * piety under Ashenzari
  4762 | D:4      | Reached skill level 5 in Spellcasting
  4768 | D:4      | Found a glowing drain.
  4772 | Sewer    | Entered a sewer
  5638 | Sewer    | Reached XP level 6. HP: 32/32 MP: 12/16
  5753 | Sewer    | Reached skill level 5 in Dodging
  6381 | D:4      | Learned a level 4 spell: Hailstorm
  6553 | D:4      | Reached XP level 7. HP: 36/36 MP: 14/18
  7824 | D:4      | Reached XP level 8. HP: 23/41 MP: 13/21
  8537 | D:5      | Entered Level 5 of the Dungeon
  8538 | D:5      | Found Voffam's Armour Emporium.
  8548 | D:5      | Bought a +0 pair of gloves of dexterity for 138 gold pieces
  8829 | D:5      | Reached skill level 1 in Conjurations
  9671 | D:5      | Found a staircase to the Ecumenical Temple.
 10107 | D:5      | Found a transporter.
 10110 | D:5      | Noticed vvl's ghost (novice HuBe)
 10111 | D:5      | Found a transporter.
 10111 | D:5      | Identified the +0 dire flail of Chagrin {freeze, rC+}
 10360 | D:6      | Reached skill level 5 in Conjurations
 10383 | D:6      | Reached ** piety under Ashenzari
 11234 | D:6      | Reached XP level 9. HP: 43/45 MP: 22/22
 11545 | D:6      | Learned a level 4 spell: Summon Ice Beast
 11966 | D:6      | Reached skill level 1 in Summonings
 12761 | D:7      | Found a hide-covered altar of Uskayaw.
 12962 | D:7      | Reached skill level 5 in Summonings
 13361 | D:6      | Learned a level 3 spell: Spider Form
 13475 | D:7      | Noticed Pikel
 13895 | D:7      | Found an iron altar of Okawaru.
 13972 | D:7      | Killed Pikel
 14224 | D:7      | Found a shadowy altar of Dithmenos.
 14434 | D:8      | Noticed a two-headed ogre
 14541 | D:8      | Killed a two-headed ogre
 14542 | D:8      | Reached XP level 10. HP: 47/50 MP: 10/23
 14743 | D:8      | Reached skill level 1 in Fighting
 15100 | D:5      | Bought a +0 cloak for 54 gold pieces
 15234 | D:8      | Found a sparkling altar of Nemelex Xobeh.
 15583 | D:8      | Found an opulent altar of Gozag.
 15755 | D:8      | Found a staircase to the Lair.
 16222 | Lair:1   | Entered Level 1 of the Lair of Beasts
 16222 | Lair:1   | Noticed a cane toad
 16254 | D:8      | Killed a cane toad
 16468 | D:8      | HP: 2/58 [blink frog (18)]
 16469 | D:8      | Slain by a water moccasin

Illustrated notes

Levels and vault maps discovered:
D:1:      minmay_arrival_three_doors, layout_basic,
          minmay_misc_feat_more_columns, evilmike_ruin_ashenzari
D:2:      layout_basic, gammafunk_temple_overflow_elements
D:3:      layout_loops_corners, hangedman_decor_growths,
          kennysheep_generic_room_12, uniq_jessica
D:4:      layout_basic, gup_sewer_entry_bowl, hex_intersection, grunt_tough_drop
D:5:      layout_loops_corners, minmay_temple_entry_trees,
          gammafunk_ghost_smash, serial_shops, shop
D:6:      kennysheep_spiral_hall, layout_loops_corners, enter_ossuary_4
D:7:      layout_loops_ring, lemuel_coloured_pillars_altar, kennysheep_mini,
          okawaru_humans, uniq_pikel
D:8:      layout_cave_pods, nemelex_xobeh_ov_fountains_minmay, erik_lair_island,
          basic_altar, minmay_stone_trees_small
Lair:1:   layout_hall_layers, minmay_hedge_maze, minmay_shattered_shrine

Skill      XL: |  1  2  3  4  5  6  7  8  9 10 |
---------------+-------------------------------+-----
Dodging        | 3 4 5 6 7 |  7.0
Spellcasting   | 4 5 6 7 |  7.6
Ice Magic      | 5 6 7 |  7.4
Conjurations   | 7 8 |  8.0
Summonings     | 8 |  8.4
Transmutations | 3 |  3.0
Fighting       | 4 |  4.3
Stealth        | |  2.4

Action                   |  1- 3 |  4- 6 |  7- 9 | 10-12 || total
-------------------------+-------+-------+-------+-------++-------
Melee: Unarmed           |     1 |       |       |       ||     1
       Short sword       |     6 |   141 |   341 |    35 ||   523
       Dire flail        |     6 |       |       |       ||     6
 Cast: Freeze            |    41 |     3 |     4 |     6 ||    54
       Frozen Ramparts   |       |    20 |    38 |    11 ||    69
       Ozocubu's Armour  |       |       |     2 |       ||     2
       Summon Ice Beast  |       |       |    11 |    19 ||    30
       Hailstorm         |       |       |     4 |     2 ||     6
Invok: Curse Item        |       |       |     4 |       ||     4
Evoke: Wand              |       |       |     2 |       ||     2
  Use: Scroll            |       |     5 |    10 |     2 ||    17
 Stab: Sleeping          |     1 |     5 |     8 |       ||    14
       Distracted        |       |       |       |     1 ||     1
Armor: Robe              |     8 |    24 |    67 |    23 ||   122
Dodge: Dodged            |    33 |   128 |   341 |   116 ||   618
